 Dungeon Crawl Stone Soup version 0.28.0-53-g5a82cb258f (webtiles) character file.

Game seed: 17725690662377019947

2666 SanguineChosen the Chopper (level 9, -11/55 HPs)
             Began as a Gargoyle Fighter on July 9, 2022.
             Was a Follower of Trog.
             Mangled by an orc knight
             ... wielding a +0 broad axe
              (28 damage)
             ... in a bailey on July 10, 2022.
             The game lasted 00:23:54 (6975 turns).

SanguineChosen the Chopper (Gargoyle Fighter)       Turns: 6975, Time: 00:23:55

Health: -11/55     AC: 14    Str: 25    XL:     9   Next: 63%
Magic:  9/9        EV: 14    Int:  8    God:    Trog [*.....]
Gold:   439        SH:  4    Dex:  9    Spells: 8/8 levels left

rFire   . . .      SeeInvis .   o - +8 hand axe of Tijiar {chaos, rCorr}
rCold   + . .      Faith    .   c - +0 buckler
rNeg    + . .      Spirit   .   b - +0 scale mail
rPois   ∞          Reflect  .   (no helmet)
rElec   +          Harm     .   (no cloak)
rCorr   +          Rampage  .   (no gloves)
Will    .....                   (no boots)
Stlth   ..........              (no amulet)
HPRegen 0.18/turn               g - ring of protection from cold
MPRegen 0.11/turn               m - +4 ring of evasion

@: no status effects
A: sickness immunity, AC +6, negative energy resistance 1, electricity
resistance, torment resistance 1, petrification resistance
a: Renounce Religion, Berserk


You were in a bailey.
You worshipped Trog.
Trog was aware of your devotion.
You visited 1 branch of the dungeon, and saw 7 of its levels.
You also visited: Bailey.

You collected 439 gold pieces.

Inventory:

Hand Weapons
 a - a +0 flail
 o - the +8 hand axe of Tijiar (weapon) {chaos, rCorr}
   (You found it on level 4 of the Dungeon)

   Each time it hits an enemy it has a different, random effect.
   rCorr:     It protects you from acid and corrosion.
 q - a +2 rapier of protection
Missiles
 n - 16 poisoned darts (quivered)
Armour
 b - a +0 scale mail (worn)
 c - a +0 buckler (worn)
 e - a scarf of shadows
Jewellery
 g - a ring of protection from cold (left hand)
 m - a +4 ring of evasion (right hand)
Wands
 h - a wand of iceblast (4)
 v - a wand of digging (9)
Scrolls
 f - 3 scrolls of teleportation
 i - a scroll of identify
 k - a scroll of immolation {unknown}
 t - a scroll of fog {unknown}
 u - a scroll of noise {unknown}
 w - a scroll of blinking {unknown}
Potions
 d - a potion of might
 j - 2 potions of resistance
 p - a potion of flight
 r - a potion of ambrosia {unknown}
 s - 2 potions of haste {unknown}
 z - a potion of curing {unknown}


   Skills:
 + Level 6.0 Fighting
 * Level 7.4(8.0) Axes
 + Level 5.1(7.3) Maces & Flails
 + Level 6.3 Armour
 + Level 3.1 Dodging
 + Level 1.4 Stealth
 + Level 4.7 Shields


You had 8 spell levels left.
You didn't know any spells.
Your spell library contained the following spells:

 Spells                   Type           Power      Damage    Failure   Level
 Slow                     Hex            0%         N/A       77%         1
 Corpse Rot               Necr/Air       0%         N/A       88%         2
 Poisonous Vapours        Pois/Air       0%         N/A       88%         2
 Confusing Touch          Hex            0%         N/A       98%         3
 Vampiric Draining        Necr           0%         2d6       98%         3
 Chain Lightning          Conj/Air       0%         N/A       100%        9
 Fire Storm               Conj/Fire      0%         5d1       100%        9
 Shatter                  Erth           0%         3d5*      100%        9


Dungeon Overview and Level Annotations

Branches:
Dungeon (7/15)             Temple (0/1) D:6          Bailey (1/1)

Altars:
Trog


Innate Abilities, Weirdness & Mutations

You are immune to sickness and miasma.
Your stone body is resilient. (AC +6)
You are immune to poison.
You resist negative energy. (rN+)
You are resistant to electric shocks. (rElec)
You are resistant to unholy torment.
You are immune to petrification.


Message History

Your orc warrior dies!
The orc warrior closely misses you.
Throw: 17 darts (poison)
Press: ? - help, Q - select action, (/) - cycle Shift-Dir - straight line, f - orc knight, p - orc warrior
Aim: an orc knight, wielding a +0 broad axe, wearing a +0 plate armour and quivering atropa-tipped darts (moderately wounded, 57% to hit)
You throw a poisoned dart.
The poisoned dart barely misses the orc knight.
The orc warrior closely misses you. The orc knight completely misses you.
The orc warrior hits you with a +0 broad axe!
* * * LOW HITPOINT WARNING * * *
You feel much better. The orc warrior barely misses you.
The orc knight hits you with a +0 broad axe.
The orc warrior hits you with a +0 broad axe!
* * * LOW HITPOINT WARNING * * *
You feel much better. The orc warrior misses you.
The orc knight closely misses you.
The orc warrior hits you with a +0 broad axe!
The orc knight hits you with a +0 broad axe!
* * * LOW HITPOINT WARNING * * *
You hit the orc knight but do no damage.
The orc knight is poisoned.
The orc knight is moderately wounded.
You barely miss the orc warrior. You closely miss the orc warrior.
The orc warrior hits you with a +0 broad axe.
* * * LOW HITPOINT WARNING * * *
The orc knight hits you with a +0 broad axe!
* * * LOW HITPOINT WARNING * * *
The orc warrior closely misses you.
You feel much better.
The orc warrior hits you with a +0 broad axe!
The orc knight misses you.
The orc warrior hits you but does no damage.
Aiming: Iceblast
Press: ? - help, Q - select action, (/) - cycle Shift-Dir - straight line, p - orc knight The mass of ice explodes!
The iceblast engulfs the orc knight.
The orc knight is moderately wounded.
The orc warrior completely misses you.
The orc knight hits you with a +0 broad axe!!
Ouch! That really hurt!
You die...

#.###≈≈.......≈≈###.
#....≈≈.......≈≈....
#.###≈≈.......≈≈###.#
#....≈≈.......≈≈....#
#.###≈≈.......≈≈###.
#....≈≈.......≈≈....#
#.###≈≈.......≈≈###.#
#....≈≈..oo...≈≈...
#####≈≈...@o..≈≈###
##≈.......≈##
####'''#### ##.....##
#∩}....∩# #...8...#
##..)(.## ###(###
#...#


You could see an orc knight (poisoned) and 2 orc warriors.

Vanquished Creatures
  A hornet (D:7)
  An orc warrior (D:7)
  2 sky beasts (D:7)
  A black bear (D:4)
  2 necrophages
  A phantom (D:7)
  6 kobold brigands
  2 scorpions
  A bullfrog (D:7)
  A wyvern zombie (D:6)
  5 killer bees (D:6)
  A bullfrog zombie (D:6)
  2 bullfrog skeletons (D:4)
  A centaur zombie (D:6)
  8 hounds
  4 jellies
  3 centaur skeletons
  3 orc wizards (D:7)
  A killer bee zombie (D:4)
  A howler monkey zombie (D:6)
  7 gnolls
  9 adders
  2 ufetubi (D:4)
  5 dart slugs
  11 orcs
  7 ball pythons
  9 bats
  10 endoplasms
  3 giant cockroaches
  15 goblins
  6 hobgoblins
  18 kobolds
  5 quokkas
  4 frilled lizards
  4 rats
162 creatures vanquished.

Vanquished Creatures (others)
  An orc warrior (Bailey)
  A kobold brigand (Bailey)
2 creatures vanquished.

Grand Total: 164 creatures vanquished

Notes
Turn   | Place    | Note
-------+----------+-------------------------------------------
     0 | D:1      | SanguineChosen the Gargoyle Fighter began the quest for the
                  | Orb.
     0 | D:1      | Reached XP level 1. HP: 14/14 MP: 1/1
   282 | D:1      | Reached XP level 2. HP: 18/19 MP: 2/2
   687 | D:1      | Reached XP level 3. HP: 23/23 MP: 3/3
  1559 | D:2      | Reached XP level 4. HP: 26/29 MP: 4/4
  3018 | D:3      | Found a faded altar of an unknown god.
  3412 | D:3      | Reached skill level 1 in Dodging
  3412 | D:3      | Reached XP level 5. HP: 33/33 MP: 5/5
  3775 | D:4      | Reached XP level 6. HP: 25/39 MP: 6/6
  4211 | D:4      | Noticed a black bear
  4240 | D:4      | Killed a black bear
  4241 | D:4      | Reached XP level 7. HP: 21/44 MP: 7/7
  4816 | D:4      | Reached skill level 5 in Armour
  5068 | D:4      | Reached skill level 5 in Fighting
  5293 | D:4      | Identified the +8 hand axe of Tijiar {chaos, rCorr}
  5372 | D:5      | Entered Level 5 of the Dungeon
  5539 | D:5      | Reached skill level 1 in Axes
  5539 | D:5      | Reached skill level 5 in Maces & Flails
  5803 | D:5      | Reached XP level 8. HP: 49/49 MP: 8/8
  5891 | D:6      | Reached skill level 2 in Axes
  5920 | D:6      | Reached skill level 3 in Axes
  5989 | D:6      | Reached skill level 4 in Axes
  6112 | D:6      | Found a staircase to the Ecumenical Temple.
  6379 | D:7      | Found a bloodstained altar of Trog.
  6385 | D:7      | Became a worshipper of Trog the Wrathful
  6392 | D:7      | Reached skill level 5 in Axes
  6434 | D:7      | Reached XP level 9. HP: 20/54 MP: 9/9
  6555 | D:7      | Reached skill level 6 in Axes
  6555 | D:7      | Reached skill level 1 in Stealth
  6575 | D:7      | Noticed a hornet
  6579 | D:7      | Killed a hornet
  6702 | D:7      | Found a flagged portal.
  6717 | D:7      | Reached * piety under Trog
  6738 | Bailey   | Entered a bailey
  6777 | Bailey   | Reached skill level 7 in Axes
  6936 | Bailey   | Noticed an orc knight
  6975 | Bailey   | Mangled by an orc knight

Illustrated notes

Levels and vault maps discovered:
D:1:      minmay_arrival_diagonal_passages, layout_loops_ring,
          chequers_decorated_corner
D:2:      layout_basic, serial_curves, eino_curves_03, eino_curves_03,
          minmay_crystal_water, grunt_decor_cap, minmay_puff
D:3:      minmay_chambers_of_twos, layout_basic, ebering_ecumenical_altar_box,
          grunt_ministairs_2, minmay_unequal
D:4:      wander_river, layout_loops_cross
D:5:      layout_rooms
D:6:      layout_rooms, minmay_temple_entry_stoned_glass, st_stairs_6
D:7:      layout_rooms, bloody_trog, enter_bailey_5, serial_shops,
          nicolae_shop_hallway_plus
Bailey:   bailey_axe_3, bailey

Skill      XL: |  1  2  3  4  5  6  7  8  9 |
---------------+----------------------------+-----
Armour         | 4 5 6 |  6.3
Maces & Flails | 3 4 5 |  5.1
Dodging        | 1 2 3 |  3.1
Fighting       | 4 5 6 |  6.0
Shields        | 4 |  4.7
Axes           | 1 5 7 |  7.4
Stealth        | 1 |  1.4

Action                   |  1- 3 |  4- 6 |  7- 9 || total
-------------------------+-------+-------+-------++-------
Melee: Flail             |   112 |   180 |    65 ||   357
       Hand axe          |       |       |   174 ||   174
Throw: Dart              |       |       |     5 ||     5
Evoke: Wand              |       |       |     1 ||     1
  Use: Scroll            |       |     3 |     4 ||     7
       Potion            |       |     1 |     3 ||     4
 Stab: Confused          |       |       |     2 ||     2
Armor: Scale mail        |    61 |   150 |   138 ||   349
Dodge: Dodged            |    47 |   138 |   209 ||   394
Block: Buckler           |    22 |    51 |    59 ||   132
